[Event "Live Chess"]
[Site "Chess.com"]
[Date "2023.05.21"]
[Round "-"]
[White "mattihelenius2"]
[Black "profpirate4"]
[Result "0-1"]
[WhiteElo "491"]
[BlackElo "1337"]
[TimeControl "300"]
[EndTime "5:09:04 PDT"]
[Termination "profpirate4 won by checkmate"]

1. d4 f5 2. c4 e6 3. Nf3 Nf6 4. Ne5 d6 5. Nf3 Be7 6. Bg5 O-O 7. e3 Nc6 8. Nc3 Ne4 9. Nxe4 fxe4 10. Ne5 dxe5 11.
Bxe7 Qxe7 12. d5 exd5 13. cxd5 Qb4+ 14. Ke2 Qxb2+ 15. Qd2 Qxd2+ 16. Kxd2 Ne7 17. Bb5 Nxd5 18. Rhc1 c6 19. Bc4 Rxf2+ 20. Kd1 Bg4+ 21. Ke1 Rxg2 22. Bxd5+ cxd5 23. Rc5 Rf8 24. Rac1 Rg1+ 25. Kd2 Rg2+ 26. Ke1 d4 27. exd4 exd4 28. Rg5 Bf3 29. Rxg2 Bxg2 30. Rc4 Rf1+ 31. Ke2 d3+ 32. Kd2 Rf2+ 33. Ke3 Re2+ 34. Kf4 d2 35. Rc8+ Kf7 36. Rd8 Rf2+ 37. Kg3 Bf3 38. Kxf2 d1=Q 39. Rxd1 Bxd1 40. Ke3 Bc2 41. Kd4 Bd3 42. Ke5 g5 43. Kf5 e3+ 44. Kxg5 e2 45.
a3 e1=Q 46. h4 Qe5+ 47. Kg4 Qe4+ 48. Kg5 Qf5+ 49. Kh6 Qg6# 0-1

[Event "Live Chess"]
[Site "Chess.com"]
[Date "2023.05.21"]
[Round "-"]
[White "viktorskliarov"]
[Black "jbooth"]
[Result "1-0"]
[WhiteElo "2648"]
[BlackElo "1675"]
[TimeControl "300"]
[EndTime "5:09:08 PDT"]
[Termination "viktorskliarov won by resignation"]

1. e4 d6 2. d4 Nf6 3. Nc3 Nbd7 4.
f3 e5 5. Nge2 c6 6. Be3 Qc7 7.
Qd2 Be7 8. g4 h6 9. Ng3 Nb6 10.
O-O-O a5 11. Kb1 a4 12. Nf5 Bxf5 13. gxf5 a3 14. b3 d5 15. dxe5 Nfd7 16. f4 Bb4 17.
exd5 Nxd5 18. Nxd5 cxd5 19. Qxb4 1-0

[Event "Live Chess"]
[Site "Chess.com"]
[Date "2023.05.21"]
[Round "-"]
[White "Vitalii18a"]
[Black "Ferrarifan27"]
[Result "0-1"]
[WhiteElo "1136"]
[BlackElo "2069"]
[TimeControl "300"]
[EndTime "5:09:12 PDT"]
[Termination "Ferrarifan27 won by checkmate"]

1. e4 e5 2. Nf3 Nc6 3. Bb5 a6 4. Ba4 Nf6 5. d3 Be7 6. c3 d6 7.
O-O Bg4 8. h3 Bh5 9. g4 Bg6 10.
Re1 Qd7 11. Kg2 h5 12. Nh4 hxg4 13. Nxg6 gxh3+ 14. Kh2 fxg6 15. Bg5 Ng4+ 16. Kg3 Bxg5 17. Qxg4 Bh4+ 18. Kxh3 Bxf2+ 19. Kg2 Qxg4+ 20. Kxf2 Rh2+ 21. Ke3 Qf4# 0-1

[Event "Live Chess"]
[Site "Chess.com"]
[Date "2023.05.21"]
[Round "-"]
[White "Brooms1989"]
[Black "Geomorph"]
[Result "1/2-1/2"]
[WhiteElo "1163"]
[BlackElo "1277"]
[TimeControl "300"]
[EndTime "5:09:16 PDT"]
[Termination "Game drawn by repetition"]

1. e4 e5 2. Nc3 Nf6 3. f4 d5 4. fxe5 Nxe4 5. Nxe4 dxe4 6. d4 Nc6 7.
Bb5 Bd7 8. Bxc6 Bxc6 9. Ne2 Qh4+ 10. g3 Qh3 11. Be3 Be7 12. Qd2 Qe6 13. O-O-O Qxa2 14. c3 Ba4 15. Qc2 Bxc2 16. Kxc2 O-O 17. Ra1 Qd5 18.
Nf4 Qc6 19. h4 f6 20. h5 g5 21. hxg6 Kg7 22. Rxh7+ Kg8 23. Rah1 Qa4+ 24. Kd2 fxe5 25. Rh8+ Kg7 26. R1h7+ Kf6 27. Nd5+ Ke6 28. Nxc7+ Kd7 29. Nxa8 Rxh8 30. Rxh8 Qa1 31. Kc2 exd4 32. Bxd4 Qa4+ 33. Kc1 Bg5+ 34. Kb1 Qd1+ 35. Ka2 Qa4+ 36. Kb1 Qd1+ 37. Ka2 Qa4+ 38. Kb1 1/2-1/2

[Event "Live Chess"]
[Site "Chess.com"]
[Date "2023.05.21"]
[Round "-"]
[White "NAZRIZ1977"]
[Black "The_Straightforward_Rook"]
[Result "0-1"]
[WhiteElo "1961"]
[BlackElo "1923"]
[TimeControl "300"]
[EndTime "5:09:30 PDT"]
[Termination "The_Straightforward_Rook won by resignation"]

1. d4 Nf6 2. Nc3 d5 3. Bf4 e6 4. e3 Bb4 5. Ne2 O-O 6. a3 Bd6 7. h4 c5 8. dxc5 Bxf4 9. h5 Be5 10. h6 g6 11. Nd4 0-1

[Event "Live Chess"]
[Site "Chess.com"]
[Date "2023.05.21"]
[Round "-"]
[White "chessfiction"]
[Black "MJMykh"]
[Result "1-0"]
[WhiteElo "2312"]
[BlackElo "1168"]
[TimeControl "300"]
[EndTime "5:09:39 PDT"]
[Termination "chessfiction won by checkmate"]

1. e4 e5 2. d4 exd4 3. Nf3 Nc6 4.
c3 dxc3 5. Nxc3 Nf6 6. Bc4 Bb4 7. Bg5 Bxc3+ 8. bxc3 O-O 9. O-O d6 10. h3 h6 11. Bh4 Qd7 12. Bxf6 gxf6 13. Nh4 Kh7 14. Qh5 Ne5 15. Nf5 Kg8 16. Qxh6 Nxc4 17. Qg7# 1-0

[Event "Live Chess"]
[Site "Chess.com"]
[Date "2023.05.21"]
[Round "-"]
[White "Hacker_2009"]
[Black "yarek"]
[Result "1-0"]
[WhiteElo "1936"]
[BlackElo "1886"]
[TimeControl "300"]
[EndTime "5:09:42 PDT"]
[Termination "Hacker_2009 won on time"]

1. d4 g6 2. Nf3 Bg7 3. c4 c6 4. Nc3 d5 5. cxd5 cxd5 6. Bf4 a6 7.
e3 Nf6 8. Be2 Bg4 9. h3 Bxf3 10.
Bxf3 e6 11. O-O O-O 12. Rc1 Nbd7 13. Na4 Rc8 14. Nc5 Nxc5 15. dxc5 Qa5 16. Bd6 Rfe8 17.
Qb3 Nd7 18. Qxb7 Nxc5 19. Bxc5 Rxc5 20. b4 Qb5 21. Qxb5 Rxb5 22. Rb1 Reb8 23. a3 a5 24. Be2 R5b7 25. b5 a4 26. Rb4 Ra8 27. Rc1 Bf8 28.
Rbb1 Bxa3 29. Rc6 Be7 30. b6 Rab8 31. Ba6 a3 32. Bxb7 Rxb7 33. Rc7 a2 34. Ra1 Rxb6 35. Rxa2 Bd6 36. Rc8+ Kg7 37. g3 e5 38. Ra7 d4 39. exd4 exd4 40. Rd8 d3 41. Rad7 d2 42. Rxd6 Rb1+ 43. Kg2 1-0

[Event "Live Chess"]
[Site "Chess.com"]
[Date "2023.05.21"]
[Round "-"]
[White "JoshMcK"]
[Black "TheAuditer"]
[Result "1-0"]
[WhiteElo "1561"]
[BlackElo "1393"]
[TimeControl "300"]
[EndTime "5:09:47 PDT"]
[Termination "JoshMcK won - game abandoned"]

1. e4 e6 2. d4 d5 3. Nc3 Bb4 4.
e5 c5 5. a3 Bxc3+ 6. bxc3 Nc6 7. Qg4 Nge7 8. h4 O-O 9. Bd3 Nf5 10.
Nf3 Nce7 11. h5 Qc7 12. h6 g6 13. Qg5 cxd4 14. Qf6 Qxc3+ 15. Bd2 Qxa1+ 16. Ke2 Qxh1 17. Bxf5 Nxf5 18. g4 1-0

[Event "Live Chess"]
[Site "Chess.com"]
[Date "2023.05.21"]
[Round "-"]
[White "mach247"]
[Black "Ian-Morley"]
[Result "1-0"]
[WhiteElo "1356"]
[BlackElo "1052"]
[TimeControl "300"]
[EndTime "5:09:50 PDT"]
[Termination "mach247 won by resignation"]

1. e4 Nf6 2. e5 Nd5 3. d4 d6 4.
c4 Nb6 5. Bf4 dxe5 6. Bxe5 e6 7.
Nc3 Nxc4 8. Bxc4 Bd7 9. Nf3 Bb4 10. O-O Bxc3 11. bxc3 Nc6 12. Qd3 Nxe5 13. Nxe5 O-O 14.
Nxd7 Qxd7 15. Bb3 a6 16. Bc2 g6 17. Rab1 b5 18. a4 c5 19. axb5 cxd4 20. bxa6 Rfd8 21.
Rfd1 Ra7 22. cxd4 e5 23. dxe5 Qxd3 24. Rxd3 Rxd3 25. Bxd3 Rd7 26. Bf1 Ra7 27. Rb7 1-0

[Event "Live Chess"]
[Site "Chess.com"]
[Date "2023.05.21"]
[Round "-"]
[White "Berdgross"]
[Black "McSlash1"]
[Result "0-1"]
[WhiteElo "682"]
[BlackElo "2004"]
[TimeControl "300"]
[EndTime "5:09:55 PDT"]
[Termination "McSlash1 won on time"]

1. e4 c5 2. d3 Nc6 3. Nf3 g6 4. Nc3 Bg7 5. Nd5 e6 6. Ne3 Nge7 7. c3 O-O 8. d4 d5 9. dxc5 dxe4 10. Ng5 Nf5 11. Nxe4 Qa5 12. Nxf5 exf5 13. b4 Nxb4 14. cxb4 Qxb4+ 15. Bd2 Qxe4+ 16. Qe2 Bxa1 17. Qxe4 fxe4 18.
Bc4 Be6 19. Bxe6 fxe6 20. O-O Bd4 0-1

[Event "Live Chess"]
[Site "Chess.com"]
[Date "2023.05.21"]
[Round "-"]
[White "domrobson"]
[Black "Leonid_Starozhilov"]
[Result "0-1"]
[WhiteElo "1721"]
[BlackElo "2633"]
[TimeControl "300"]
[EndTime "5:10:08 PDT"]
[Termination "Leonid_Starozhilov won by resignation"]

1. d4 Nf6 2. c4 g6 3. Nc3 Bg7 4. e4 d6 5. Be2 O-O 6. Bg5 Na6 7. h4 h5 8. Nf3 Bg4 9. O-O Bxf3 10. Bxf3 Nd7 11. Be3 e5 12. d5 Qxh4 13. g3 Qe7 14.
a3 Kh7 15. b4 Bh6 16. Qd2 Bxe3 17. Qxe3 f5 18. Kg2 f4 19. gxf4 exf4 20. Qd3 Qg5+ 21. Kh1 Ne5 22. Qe2 Qh4+ 23. Kg1 Rae8 24. Rfd1 Nb8 25.
Kf1 Qh3+ 0-1

[Event "Live Chess"]
[Site "Chess.com"]
[Date "2023.05.21"]
[Round "-"]
[White "MJMykh"]
[Black "KeithArkell"]
[Result "0-1"]
[WhiteElo "1168"]
[BlackElo "2488"]
[TimeControl "300"]
[EndTime "5:10:37 PDT"]
[Termination "KeithArkell won by resignation"]

1. e4 c6 2. Nf3 d5 3. Nc3 Bg4 4.
exd5 cxd5 5. Be2 Nc6 6. O-O Nf6 7. h3 Bxf3 8. Bxf3 e6 9. d3 Be7 10. Bg5 O-O 11. Bxf6 Bxf6 12. Qd2 Rc8 13. Rab1 Nd4 14. Be2 Nxc2 15. Qxc2 d4 0-1

[Event "Live Chess"]
[Site "Chess.com"]
[Date "2023.05.21"]
[Round "-"]
[White "viktorskliarov"]
[Black "Oleg03082013"]
[Result "1-0"]
[WhiteElo "2648"]
[BlackElo "1147"]
[TimeControl "300"]
[EndTime "5:10:44 PDT"]
[Termination "viktorskliarov won by resignation"]

1. e4 c5 2. Nf3 d6 3. d4 cxd4 4. Qxd4 Nf6 5. Nc3 g6 6. e5 dxe5 7. Qxd8+ Kxd8 8. Nxe5 Bg7 9. Nxf7+ Kc7 10. Nxh8 Bxh8 11.
Bf4+ 1-0

[Event "Live Chess"]
[Site "Chess.com"]
[Date "2023.05.21"]
[Round "-"]
[White "Long1968"]
[Black "CeladonFish"]
[Result "0-1"]
[WhiteElo "954"]
[BlackElo "1134"]
[TimeControl "300"]
[EndTime "5:11:19 PDT"]
[Termination "CeladonFish won on time"]

1. e4 d6 2. d4 Nf6 3. Nc3 g6 4. Bc4 Nxe4 5. Bxf7+ Kxf7 6. Nxe4 d5 7. Ng5+ Ke8 8. Qf3 Bf5 9. g4 h6 10. gxf5 hxg5 11.
fxg6 Nc6 12. Qf7+ Kd7 13. Qxd5+ Ke8 14. Qf7+ Kd7 15. d5 Ne5 16. Qe6+ Ke8 17. Qxe5 Rh5 18. h4 Qd6 19. Qf5 Qf6 20. Qxf6 exf6 21. c4 Bb4+ 22. Bd2 Bxd2+ 23. Kxd2 Kf8 24. Nf3 g4 25. Nd4 Re8 26.
Ne6+ Kg8 27. Rae1 Re5 28. Rxe5 fxe5 29. Re1 c6 30. Nc7 Re7 31. d6 Rd7 32. Rxe5 Rxd6+ 0-1

[Event "Live Chess"]
[Site "Chess.com"]
[Date "2023.05.21"]
[Round "-"]
[White "McSlash1"]
[Black "srichess4u"]
[Result "1-0"]
[WhiteElo "2004"]
[BlackElo "642"]
[TimeControl "300"]
[EndTime "5:11:22 PDT"]
[Termination "McSlash1 won by checkmate"]

1. e4 e5 2. Nf3 Nc6 3. Bc4 Nf6 4. O-O Nxe4 5. Re1 f5 6. d3 Nd6 7. Nxe5 Nxe5 8. Rxe5+ Be7 9. Bg5 Nxc4 10. Bxe7 Qxe7 11.
Rxe7+ Kxe7 12. dxc4 Ke8 13. Nc3 Kd8 14. Qh5 g6 15. Qg5+ Ke8 16. Nd5 c6 17. Qe7# 1-0

[Event "Live Chess"]
[Site "Chess.com"]
[Date "2023.05.21"]
[Round "-"]
[White "WelshTiger"]
[Black "Biranidun"]
[Result "0-1"]
[WhiteElo "2305"]
[BlackElo "2521"]
[TimeControl "300"]
[EndTime "5:11:44 PDT"]
[Termination "Biranidun won by resignation"]

1. e4 c5 2. c3 Nf6 3. e5 Nd5 4. d4 cxd4 5. Nf3 d6 6. Bc4 Nb6 7. Bb3 Nc6 8. exd6 Qxd6 9. O-O Bf5 10. cxd4 e6 11. Nc3 Rd8 12. Be3 Be7 13. Qe2 O-O 14.
Rad1 Na5 15. Bc2 Bxc2 16. Qxc2 Nac4 17. Bc1 Rc8 18. Qe2 Rfd8 19. Rfe1 a6 20. Ne5 Nxe5 21.
dxe5 Qc6 22. Rxd8+ Rxd8 23. Rd1 Rxd1+ 24. Qxd1 Nc4 25.
Qd4 b5 26. b3 Nb6 27. Bb2 b4 28. Ne4 Nd5 29. g3 Qc2 30. Kg2 h6 31. Nd6 Qc6 32. Ne4 Qc2 33. Nd6 h5 34. h4 a5 35. Nc4 a4 36. Qd2 Qe4+ 37. f3 Qb1 38. bxa4 Qxa2 39. a5 Qxc4 0-1

[Event "Live Chess"]
[Site "Chess.com"]
[Date "2023.05.21"]
[Round "-"]
[White "Tushinskiy"]
[Black "friarnator"]
[Result "1-0"]
[WhiteElo "2213"]
[BlackElo "2006"]
[TimeControl "300"]
[EndTime "5:11:49 PDT"]
[Termination "Tushinskiy won by resignation"]

1. d4 Nf6 2. c3 e6 3. Nf3 d5 4.
Bf4 Be7 5. Nbd2 O-O 6. e3 c5 7.
Bd3 Nc6 8. Qe2 b6 9. Ne5 Bb7 10. Bg3 Nd7 11. f4 f6 12. Qh5 f5 13. h3 Nf6 14. Qf3 Ne4 15. Bf2 Bh4 16. g3 Bf6 17. O-O-O cxd4 18. exd4 Rc8 19. Kb1 Kh8 20. g4 Bxe5 21.
dxe5 g6 22. gxf5 gxf5 23. Rhg1 Qe7 24. Bxe4 fxe4 25. Qg4 Rg8 26. Qh5 Rxg1 27. Rxg1 Qe8 28. Qh6 Rc7 29. Bh4 1-0

[Event "Live Chess"]
[Site "Chess.com"]
[Date "2023.05.21"]
[Round "-"]
[White "ossie57"]
[Black "siddu198"]
[Result "0-1"]
[WhiteElo "1864"]
[BlackElo "1639"]
[TimeControl "300"]
[EndTime "5:11:52 PDT"]
[Termination "siddu198 won by checkmate"]

1. d4 e5 2. dxe5 d5 3. exd6 Bxd6 4. Nf3 Nf6 5. e3 Bg4 6. Be2 Nc6 7. O-O O-O 8. Nc3 Qd7 9. b3 Rfd8 10. Bb2 Qe7 11. Qe1 Ne5 12. Nxe5 Bxe5 13. Bxg4 Nxg4 14. Qe2 Bxh2+ 15. Kh1 Qh4 16. Qxg4 Qxg4 17. Kxh2 Rd6 18. Rh1 Rh6+ 19. Kg1 Rxh1+ 20. Kxh1 Rd8 21. f3 Qh4+ 22. Kg1 Rd2 23. Ne4 Rxc2 24. Rd1 Rxb2 25. g3 Qh2+ 26. Kf1 Qg2+ 27. Ke1 Qg1# 0-1

[Event "Live Chess"]
[Site "Chess.com"]
[Date "2023.05.21"]
[Round "-"]
[White "sanjesh_ananda"]
[Black "LiamClery2020"]
[Result "0-1"]
[WhiteElo "1242"]
[BlackElo "1982"]
[TimeControl "300"]
[EndTime "5:11:52 PDT"]
[Termination "LiamClery2020 won by resignation"]

1. e4 Nf6 2. e5 Nd5 3. d4 d6 4. Bc4 Nb6 5. Bb3 dxe5 6. Qf3 e6 7. dxe5 Nc6 8. Qg3 g6 9. Nf3 Bg7 10. Bg5 Qd7 11. O-O Nd4 12. Bf6 Ne2+ 0-1

[Event "Live Chess"]
[Site "Chess.com"]
[Date "2023.05.21"]
[Round "-"]
[White "wot-not"]
[Black "Nicckui"]
[Result "0-1"]
[WhiteElo "1537"]
[BlackElo "1777"]
[TimeControl "300"]
[EndTime "5:12:07 PDT"]
[Termination "Nicckui won by resignation"]

1. d4 Nf6 2. c4 e6 3. Nc3 Bb4 4. Bg5 h6 5. Bd2 c5 6. e3 cxd4 7. exd4 O-O 8. Bd3 d6 9. Nge2 b6 10. O-O Bb7 11. a3 Bxc3 12. Bxc3 Nbd7 13. Rc1 Ne4 14. f3 Nxc3 15. bxc3 Qg5 16. Be4 Bxe4 17. fxe4 Nf6 18. Ng3 Qe3+ 19. Kh1 Nxe4 20. Nxe4 Qxe4 21. Qb3 Rac8 22. c5 dxc5 23. dxc5 Rxc5 24. Rfe1 Qc4 25.
Qc2 Rfc8 26. Red1 Qxc3 27. Qxc3 Rxc3 28. Rxc3 Rxc3 29. h3 Rxa3 0-1

[Event "Live Chess"]
[Site "Chess.com"]
[Date "2023.05.21"]
[Round "-"]
[White "LiamBellwood"]
[Black "AMCWAML"]
[Result "1/2-1/2"]
[WhiteElo "1911"]
[BlackElo "2323"]
[TimeControl "300"]
[EndTime "5:12:18 PDT"]
[Termination "Game drawn by repetition"]

1. d4 Nf6 2. Nc3 e6 3. Bf4 d5 4. Nb5 Na6 5. a3 Bd7 6. e3 c6 7. Nc3 Be7 8. Nf3 O-O 9. Ne5 Be8 10. Bxa6 bxa6 11. O-O c5 12. Rb1 Rc8 13. Qe2 Qb6 14. Rfd1 cxd4 15. exd4 Bb5 16. Nxb5 axb5 17. c3 a5 18. Bg5 Rfd8 19. Rd3 b4 20. axb4 axb4 21. Ra1 bxc3 22. bxc3 Rb8 23. h3 Ra8 24. Rad1 Qb5 25.
Re3 Qxe2 26. Rxe2 Rdc8 27. Rc2 Ra3 28. Rdc1 Rb3 29. Bxf6 gxf6 30. Nd7 Kg7 31. c4 Ba3 32.
cxd5 Rxc2 33. Rxc2 exd5 34. Nc5 Rb1+ 35. Kh2 Rd1 36.
Rc3 Bb2 37. Rg3+ Kf8 38. Nd7+ Ke7 39. Nb6 Rxd4 40. Rb3 Bc1 41. g3 Rd2 42. Kg2 d4 43.
Nd5+ Ke6 44. Nf4+ Kd7 45. Rb7+ Ke8 46. Rc7 Ba3 47. Nd5 d3 48. Nxf6+ Kd8 49. Rd7+ Kc8 50.
Rd4 Bc5 51. Rf4 Re2 52. Ne4 d2 53. Nxd2 Rxd2 54. Rxf7 h6 55. g4 Kd8 56. Kg3 Ke8 57.
Rf5 Bd6+ 58. f4 Rd3+ 59. Kf2 Rxh3 60. Rh5 Rxh5 61. gxh5 Kf7 62. Kg3 Kf6 63. Kg4 Be7 64.
f5 Bd6 65. Kh3 Kxf5 66. Kg2 Kg5 67. Kh1 Kxh5 68. Kg2 Kg4 69. Kh1 Kg5 70. Kg2 Kg6 71. Kh1 Kh7 72. Kg2 Kg6 73. Kh1 Kg5 74. Kg2 h5 75. Kh1 Kg6 76. Kg2 Kh6 77. Kh1 Kg6 78. Kg2 Kg7 79. Kh1 Kg6 1/2-1/2

[Event "Live Chess"]
[Site "Chess.com"]
[Date "2023.05.21"]
[Round "-"]
[White "GEMdzq"]
[Black "f4nomore"]
[Result "1-0"]
[WhiteElo "2285"]
[BlackElo "1395"]
[TimeControl "300"]
[EndTime "5:12:22 PDT"]
[Termination "GEMdzq won by checkmate"]

1. e4 g6 2. d4 Bg7 3. Nc3 d6 4. Bc4 e6 5. Nf3 Ne7 6. O-O O-O 7. Bg5 c6 8. a4 Qe8 9. Qd2 d5 10. exd5 cxd5 11. Bb3 Nf5 12. Rfe1 h6 13. Bf4 Nc6 14.
Nxd5 exd5 15. Rxe8 Rxe8 16. Bxd5 Bd7 17. h3 Rab8 18. g4 Nfxd4 19. Nxd4 Nxd4 20. Be3 Nc6 21. Bxh6 Bxb2 22. Rb1 Bf6 23. Bxf7+ Kxf7 24. Qxd7+ Re7 25.
Qd5+ Ke8 26. Rd1 Rd8 27. Qg8# 1-0

[Event "Live Chess"]
[Site "Chess.com"]
[Date "2023.05.21"]
[Round "-"]
[White "DoYouLikeCurry"]
[Black "Brooms1989"]
[Result "1-0"]
[WhiteElo "1442"]
[BlackElo "1160"]
[TimeControl "300"]
[EndTime "5:12:25 PDT"]
[Termination "DoYouLikeCurry won by checkmate"]

1. e4 e5 2. Nc3 Nf6 3. f4 d5 4. fxe5 Nxe4 5. Qf3 Nxc3 6. bxc3 Nc6 7. d4 Be7 8. Bd3 f6 9. Qh5+ Kf8 10. Nf3 Qe8 11. Qxe8+ Kxe8 12. exf6 Bxf6 13. O-O Kf7 14. Ba3 Re8 15.
Ng5+ Kg8 16. Bxh7+ Kh8 17. Bg6 Re2 18. Rf3 Bxg5 19. Rf8# 1-0

[Event "Live Chess"]
[Site "Chess.com"]
[Date "2023.05.21"]
[Round "-"]
[White "Pablo_dmp"]
[Black "Chesscoach_Golichenko"]
[Result "0-1"]
[WhiteElo "1875"]
[BlackElo "2612"]
[TimeControl "300"]
[EndTime "5:12:32 PDT"]
[Termination "Chesscoach_Golichenko won by resignation"]

1. e4 Nf6 2. e5 Nd5 3. c4 Nb6 4. a4 a5 5. Ra3 e6 6. Rg3 c5 7.
Nc3 Nc6 8. f4 d6 9. Nf3 dxe5 10.
fxe5 g6 11. Ne4 Bg7 12. Nd6+ Kf8 13. Ng5 Nxe5 14. Ngxf7 Nxf7 15. Nxf7 Kxf7 16. Bd3 Rf8 17.
O-O+ Kg8 18. Re1 e5 19. b3 Bf5 20. Be2 e4 21. d3 Be5 22. Bg5 Qc7 23. dxe4 Bxg3 24. hxg3 Be6 25. Bf3 Qxg3 26. Be7 Rxf3 27. Qxf3 Qxf3 28. gxf3 Nd7 29. Rd1 b6 30. Rd6 Kf7 31.
Bg5 Rb8 32. Bf4 Rb7 33. Kf2 h5 34. Bg3 Ke7 35. Rd2 g5 36. Bd6+ Kf7 37. Ke3 Nf6 38.
e5 Ne8 39. Rg2 Nxd6 40. exd6 Kf6 41. f4 g4 0-1

[Event "Live Chess"]
[Site "Chess.com"]
[Date "2023.05.21"]
[Round "-"]
[White "OleksiyJr1"]
[Black "Duke_of_Bebington"]
[Result "1-0"]
[WhiteElo "1020"]
[BlackElo "1585"]
[TimeControl "300"]
[EndTime "5:12:50 PDT"]
[Termination "OleksiyJr1 won by resignation"]

1. e4 e5 2. Nf3 Nf6 3. Nxe5 d6 4. Nf3 Nxe4 5. Bd3 Nf6 6. O-O Be7 7. Re1 O-O 8. Ng5 Bg4 9. Bxh7+ Kh8 10. f3 Bxf3 11. Qxf3 Nxh7 12. Nxh7 Kxh7 13. Qxb7 Nd7 14. Qe4+ Kg8 15. Qxe7 Qxe7 16. Rxe7 Rfd8 17. Nc3 Rac8 18. d3 Ne5 19. Bf4 f6 20. Bxe5 dxe5 21. Re1 Kf8 22. Re6 Kf7 23. Rc6 Rb8 24. b3 Rd7 25. Rc4 Rb6 26. Na4 Ra6 27. Nc5 Rdd6 28. Nxa6 Rxa6 29.
Rxc7+ 1-0

[Event "Live Chess"]
[Site "Chess.com"]
[Date "2023.05.21"]
[Round "-"]
[White "MartynColebrook"]
[Black "Mechhead7"]
[Result "0-1"]
[WhiteElo "1080"]
[BlackElo "1777"]
[TimeControl "300"]
[EndTime "5:12:58 PDT"]
[Termination "Mechhead7 won by resignation"]

1. e4 e5 2. Nf3 Nc6 3. Bc4 Bc5 4. c3 d6 5. d4 exd4 6. cxd4 Bb4+ 7. Nc3 Bg4 8.
Bxf7+ Kxf7 9. Ng5+ Ke8 10. Qxg4 Nf6 11. Qe6+ Qe7 12. Qxe7+ Kxe7 13. d5 Nd4 14. Kd1 h6 15. Nf3 Nxf3 16. gxf3 Raf8 17. Rg1 g5 18. Nb5 Kd7 19.
Be3 a6 20. Nd4 Ne8 21. Ne6 Rxf3 22. Rc1 Ba5 23. Ke2 Rf7 24. a3 Ng7 25. Nd4 Bb6 26. Rc2 Re8 27. Kd3 Rfe7 28. f3 Rf7 29. Rf1 Nh5 30. Nf5 Bxe3 31. Kxe3 Rf6 32. Nd4 Nf4 33. Ne6 Nxe6 34. dxe6+ Rfxe6 35. Rfc1 c6 36. b4 d5 37. h4 dxe4 38. hxg5 exf3+ 39. Kxf3 hxg5 40. Rc3 Re5 41. Kg4 Kc7 42. Rc5 Kb6 43. Rxe5 Rxe5 44. Rc5 Rxc5 45. bxc5+ Kxc5 46. Kxg5 Kc4 0-1

[Event "Live Chess"]
[Site "Chess.com"]
[Date "2023.05.21"]
[Round "-"]
[White "JoeyCage"]
[Black "EdenHazard8"]
[Result "0-1"]
[WhiteElo "2262"]
[BlackElo "1946"]
[TimeControl "300"]
[EndTime "5:13:03 PDT"]
[Termination "EdenHazard8 won by checkmate"]

1. e4 c5 2. Nf3 Nc6 3. d4 cxd4 4.
Nxd4 Nf6 5. Nc3 d6 6. Bg5 g6 7. Bxf6 exf6 8. Qd2 Bg7 9. O-O-O O-O 10. Nxc6 bxc6 11.
Qxd6 Qa5 12. Bc4 f5 13. exf5 Bxf5 14. Bb3 Rab8 15. h3 Rxb3 16. axb3 Qa1+ 17. Kd2 Qxb2 18. Ne2 Bxc2 19. Ke3 Qxb3+ 20. Kf4 Bxd1 21. Ng3 Bh6+ 22. Ke5 Bg7+ 23. Kf4 Bh6+ 24. Ke5 Re8+ 25. Kd4 Bg7+ 26. Qe5 Bxe5+ 27. Kc5 Qb5# 0-1

[Event "Live Chess"]
[Site "Chess.com"]
[Date "2023.05.21"]
[Round "-"]
[White "CeladonFish"]
[Black "srichess4u"]
[Result "1-0"]
[WhiteElo "1136"]
[BlackElo "611"]
[TimeControl "300"]
[EndTime "5:13:16 PDT"]
[Termination "CeladonFish won by resignation"]

1. d4 d5 2. c4 dxc4 3. Nc3 Nc6 4. Bf4 Bf5 5. Nf3 Bg4 6. e3 f5 7. Nb5 Nb4 8. Nxc7+ Kd7 9. Qa4+ Nc6 10. Nxa8 Qxa8 11. Ne5+ Kd6 12. Nf7+ Ke6 13. Nxh8 1-0

[Event "Live Chess"]
[Site "Chess.com"]
[Date "2023.05.21"]
[Round "-"]
[White "ViktorTheCoolBoy"]
[Black "Nazar_777"]
[Result "1-0"]
[WhiteElo "2472"]
[BlackElo "1557"]
[TimeControl "300"]
[EndTime "5:13:38 PDT"]
[Termination "ViktorTheCoolBoy won by checkmate"]

1. e4 e6 2. Nf3 a6 3. d4 h5 4. Nc3 c5 5. d5 Nf6 6. e5 Ng8 7. a4 Nh6 8. Bg5 Qb6 9. Qd2 Ng4 10.
h3 Nh6 11. Bc4 g6 12. a5 Qa7 13. Bf6 Rg8 14. O-O-O Nf5 15. g4 Ne7 16. dxe6 fxe6 17. Ng5 Nbc6 18. Nce4 Nd4 19. c3 Ndc6 20. Nd6+ Kd8 21.
Nxc8 Kxc8 22. Qxd7+ Kb8 23. Qe8+ Nc8 24. Bxe6 Ne7 25.
Bxe7 Bxe7 26. Qxg8 Kc7 27. Ne4 c4 28. Qe8 Bg5+ 29. Nxg5 Qxf2 30. Qd7+ Kb8 31. Qxc8+ Ka7 32. Qxc4 Qe3+ 33. Kb1 Qxg5 34. Qc5+ Kb8 35. Rhf1 b5 36. Qb6# 1-0

[Event "Live Chess"]
[Site "Chess.com"]
[Date "2023.05.21"]
[Round "-"]
[White "RockTroll"]
[Black "jumush"]
[Result "1/2-1/2"]
[WhiteElo "2213"]
[BlackElo "1745"]
[TimeControl "300"]
[EndTime "5:13:51 PDT"]
[Termination "Game drawn by agreement"]

1. Nf3 d5 2. g3 c5 3. Bg2 Nc6 4. d4 e6 5. O-O Nf6 6. c4 Be7 7. cxd5 exd5 8. dxc5 Bxc5 9. b3 O-O 10. Bb2 Be7 11.
Nc3 Be6 12. Nd4 Nxd4 13. Qxd4 Qd7 14. Rfd1 Rfd8 15. Rac1 b6 16. Qa4 Qxa4 17. Nxa4 Rac8 18. Rxc8 Rxc8 19. Nc3 Rd8 20. e3 h6 21. h3 Bc5 22.
Ne2 Be7 23. Nf4 g5 24. Bxf6 Bxf6 25. Nxd5 Bxd5 26. Bxd5 Kg7 27. e4 Rc8 28. Rd2 Rc1+ 29. Kg2 Bc3 30. Re2 Kf6 31. f4 Rb1 32. Kf3 Rb2 33.
e5+ Ke7 34. Rxb2 Bxb2 35. Kg4 gxf4 36. gxf4 Bc1 37. Kf5 a5 38. a4 Be3 39. Ke4 Bc5 40.
f5 Bf2 41. f6+ Kf8 42. Bc4 h5 43.
Kd5 h4 44. Kd6 Bd4 45. Kd5 Bc5 46. e6 fxe6+ 47. Kxe6 Bd4 48. Kf5 Bf2 49. Kg5 Bg3 50. Kf5 Be1 51. Ke6 Bg3 52. Kd7 Bf2 53. Kc6 Be3 54.
Kb5 Bc5 55. Be6 Bd4 56. b4 axb4 57. Kxb4 Bxf6 58. Kb5 Bd4 1/2-1/2

[Event "Live Chess"]
[Site "Chess.com"]
[Date "2023.05.21"]
[Round "-"]
[White "Pandreq"]
[Black "grillage"]
[Result "0-1"]
[WhiteElo "1212"]
[BlackElo "1816"]
[TimeControl "300"]
[EndTime "5:14:01 PDT"]
[Termination "grillage won by resignation"]

1. d4 Nf6 2. c4 e6 3. Nc3 Bb4 4. a3 Bxc3+ 5. bxc3 O-O 6. Bg5 c5 7. e4 Qa5 8. Qc2 Nxe4 9. Bd2 Nxd2 10. Qxd2 Nc6 11. d5 exd5 12. cxd5 Re8+ 13. Be2 Ne5 14. f4 Nc4 15. Qc1 d6 16. Kf1 Ne3+ 17. Kf2 Nxd5 18. Bc4 Nxc3 19. Nf3 Ne4+ 20. Kf1 Bg4 21. Ne1 Nd2+ 22.
Kg1 Nxc4 23. Qxc4 Rxe1+ 24. Kf2 Rxh1 25. Rxh1 Qd2+ 26. Kg3 h5 27. Rb1 Qe3+ 28. Kh4 Qf2+ 29. Kg5 Qxg2 30. Qxf7+ Kxf7 31. Rxb7+ Qxb7 0-1

[Event "Live Chess"]
[Site "Chess.com"]
[Date "2023.05.21"]
[Round "-"]
[White "Ginger_GM"]
[Black "Nakula1000"]
[Result "0-1"]
[WhiteElo "2715"]
[BlackElo "911"]
[TimeControl "300"]
[EndTime "5:14:13 PDT"]
[Termination "Nakula1000 won - game abandoned"]

1. e4 a5 2. Bc4 e6 3. Nc3 Nf6 4. e5 d5 5. Bb5+ c6 6. Bf1 Nfd7 7. d4 c5 8. Nf3 Nc6 9. Nb5 cxd4 10. Bf4 Bb4+ 11. c3 dxc3 12. bxc3 Bxc3+ 13. Nxc3 f5 14.
Bd3 O-O 15. O-O h6 16. h4 Nc5 17. Nb5 b6 18. Nd6 Nb4 19. Bb5 Ba6 20. a3 Nbd3 21.
Qd2 Bxb5 22. Nxb5 Nxf4 23. Qxf4 Kh7 24. Rab1 g6 25. Nbd4 Ra7 26. Rfc1 Qa8 27. Rxb6 Nd3 28. Qe3 Nxc1 29. Qxc1 Rc8 30. Qf4 Re7 31. Rxe6 Rxe6 32. Nxe6 Qc6 33. Ned4 Qc1+ 34. Qxc1 Rxc1+ 35. Kh2 Rf1 36. Kg3 Kg7 37. h5 f4+ 38. Kxf4 Rxf2 39. hxg6 Kxg6 40.
g4 a4 41. Ke3 Ra2 42. Nb5 Kf7 43. Nfd4 Ra1 44. Kf4 Rf1+ 45. Kg3 Rg1+ 46. Kf3 Rf1+ 47.
Ke2 Rf4 48. Ke3 Re4+ 49. Kf3 Rxe5 50. Nc3 Re1 51. Nxa4 Re4 52. Nc3 Rxd4 53. Nb5 Ra4 54. Kg3 Ke6 55. Kf3 Ke5 56. Ke3 Rxg4 57. Kd3 h5 58. Nc3 h4 59. Ne2 h3 60. Ke3 h2 61.
Kf3 h1=Q+ 62. Kxg4 Qe4+ 63. Kg3 Qxe2 64. a4 d4 0-1